 Dungeon Crawl Stone Soup version 0.27.0-1-g7a089689b8 (webtiles) character file.

Game seed: 10338223261592927427

17 EnegeticOcto the Shield-Bearer (level 2, 19/27 HPs)
             Began as a Deep Dwarf Fighter on Aug 2, 2021.
             Was an Initiate of Gozag.
             Quit the game on level 1 of the Dungeon.
             The game lasted 00:00:14 (228 turns).

EnegeticOcto the Shield-Bearer (Deep Dwarf Fighter)  Turns: 228, Time: 00:00:14

Health: 19/27      AC:  6    Str: 19    XL:     2   Next: 44%
Magic:  2/2        EV:  7    Int:  8    God:    Gozag
Gold:   23         SH:  9    Dex: 12    Spells: 1/1 levels left

rFire    . . .     SeeInvis .   a - +0 war axe
rCold    . . .     Faith    .   c - +0 kite shield
rNeg     . . .     Spirit   .   b - +0 scale mail
rPois    .         Reflect  .   (no helmet)
rElec    .         Harm     .   (no cloak)
rCorr    .         Rampage  .   (no gloves)
Will     .....                  (no boots)
Stlth    ..........             (no amulet)
HPRegen  0.00/turn              (no ring)
MPRegen  0.08/turn              (no ring)

@: no status effects
A: damage resistance, heal wounds, sense surroundings 1, no regeneration
a: Heal Wounds, Renounce Religion, Potion Petition, Call Merchant, Bribe Branch


You were on level 1 of the Dungeon.
You worshipped Gozag.
Gozag was noncommittal.
You visited 1 branch of the dungeon, and saw 1 of its levels.

You collected 23 gold pieces.

Inventory:

Hand Weapons
 a - a +0 war axe (weapon)
Armour
 b - a +0 scale mail (worn)
 c - a +0 kite shield (worn)
Potions
 d - a potion of might {@q3}


   Skills:
 + Level 2.8 Fighting
 * Level 2.7 Axes
 + Level 3.5 Armour
 + Level 3.5 Shields


You had one spell level left.
You didn't know any spells.
Your spell library was empty.

Dungeon Overview and Level Annotations

Branches:
Dungeon (1/15)

Altars:
Gozag


Innate Abilities, Weirdness & Mutations

You are resistant to damage.
You can heal yourself by infusing magical energy.
You passively map a small area around you.
You do not regenerate.


Message History

You block the dart slug's attack.
You slash the dart slug!
You kill the dart slug!
No target in view!
No target in view!
No target in view!
A frilled lizard comes into view.
The frilled lizard hisses angrily.
A frilled lizard is nearby!
A frilled lizard is nearby!
A frilled lizard is nearby!
A frilled lizard is nearby!
A frilled lizard is nearby!
You closely miss the frilled lizard. You block the frilled lizard's attack.
The frilled lizard barely misses you.
You barely miss the frilled lizard. You block the frilled lizard's attack.
The frilled lizard bites you but does no damage.
You hit the frilled lizard.
The frilled lizard is heavily wounded.
The frilled lizard bites you but does no damage.
You barely miss the frilled lizard.
The frilled lizard is heavily wounded.
The frilled lizard bites you but does no damage.
The frilled lizard bites you.
You barely miss the frilled lizard.
The frilled lizard is heavily wounded.
The frilled lizard bites you but does no damage.
You slash the frilled lizard!
You kill the frilled lizard!
No target in view!
No target in view!
No target in view!
No target in view!
There is an open door here.
An endoplasm comes into view.
The endoplasm quivers.
An endoplasm is nearby!
An endoplasm is nearby!
An endoplasm is nearby!
An endoplasm is nearby!
An endoplasm is nearby!
An endoplasm is nearby!
The endoplasm freezes you.
You are frozen.
You hit the endoplasm.
The endoplasm is heavily wounded.
The endoplasm jiggles.
The endoplasm hits you but does no damage.
You block the endoplasm's attack.
You hit the endoplasm but do no damage.
The endoplasm is heavily wounded.
You block the endoplasm's attack.
You slash the endoplasm!
You kill the endoplasm!
No target in view!
No target in view!
No target in view!
No target in view!
No target in view!
Found a faded altar of an unknown god.
A goblin comes into view. It is wielding a +0 club.
The goblin shouts!
A ball python comes into view.
Found a scroll labelled MUTERASKEF and 13 gold pieces.
There are monsters nearby!
There are monsters nearby!
The ball python hisses angrily.
The ball python bites you but does no damage.
You block the ball python's attack. The goblin hits you with a +0 club.
Found a scroll labelled ZOTUTI ZEGEQ.
You slash the ball python!
You kill the ball python!
You closely miss the goblin. The goblin barely misses you.
You barely miss the goblin. The goblin barely misses you. x2
You barely miss the goblin. The goblin hits you but does no damage.
The goblin hits you with a +0 club.
You slash the goblin!
You kill the goblin!
No target in view!
No target in view!
No target in view!
No target in view!
No target in view!
No target in view!
No target in view!
No target in view!
No target in view!
No target in view!
No target in view!
No target in view!
No target in view!
You hit the plant.
The plant begins to die.
The plant is lightly damaged.
A nearby plant withers and dies.
There is a faded altar of an unknown god here.
You cannot tell which god this altar belongs to.
Convert to them anyway?
Gozag accepts your prayer! Gozag welcomes you!
Gozag waives the service fee.
Are you sure you want to abandon this character and quit the game? (Confirm with "yes".)

#####.....#...###
* * #P#PP.≈P....#
* #.#.≈.....P.# ,
, #P.#.≈P≈P.P.#, ,
#P.#..⌠.⌠P..#
#..#....⌠...#.#...
#P.#P.............
#P≈.#.#..#.)..?...
#.P.#@#..#.......#
######.......# * *
, ......$.# * ,,,
........+ * ,*
###.....# ,, *
.?...# * , ,


There were no monsters in sight!

Vanquished Creatures
  A dart slug (D:1)
  An endoplasm (D:1)
  2 goblins (D:1)
  4 jackals (D:1)
  A ball python (D:1)
  2 bats (D:1)
  2 frilled lizards (D:1)
  2 kobolds (D:1)
15 creatures vanquished.

Vanquished Creatures (others)
  A plant (D:1)
1 creature vanquished.

Grand Total: 16 creatures vanquished

Notes
Turn   | Place    | Note
-------+----------+-------------------------------------------
     0 | D:1      | EnegeticOcto the Deep Dwarf Fighter began the quest for the
                  | Orb.
     0 | D:1      | Reached XP level 1. HP: 20/20 MP: 1/1
    74 | D:1      | Reached XP level 2. HP: 25/27 MP: 2/2
   210 | D:1      | Found a faded altar of an unknown god.
   227 | D:1      | Became a worshipper of Gozag Ym Sagoz the Greedy
   228 | D:1      | Quit the game

Illustrated notes

Levels and vault maps discovered:
D:1:      dpeg_arrival_simpleton_c, layout_basic,
          shapermc_ecumenical_altar_mp_ritualfount,
          chequers_serial_rivers_room_b, minmay_misc_feat_square

Action                   || total
-------------------------++-------
Melee: War axe           ||    40
Armor: Scale mail        ||    27
Dodge: Dodged            ||    13
Block: Kite shield       ||    25
